 Dungeon Crawl Stone Soup version 0.28-a0-1130-gc51a68064b (webtiles) character file.

Game seed: 15726336328457082459

17 vurker the Gusty (level 2, -2/22 HPs)
             Began as a Demigod Air Elementalist on Dec 12, 2021.
             Slain by Terence (6 damage)
             ... on level 2 of the Dungeon.
             The game lasted 00:00:46 (788 turns).

vurker the Gusty (Demigod Air Elementalist)          Turns: 788, Time: 00:00:47

Health: -2/22      AC:  2    Str:  9    XL:     2   Next: 30%
Magic:  2/7        EV: 12    Int: 17    God:
Gold:   18         SH:  0    Dex: 14    Spells: 4/5 levels left

rFire   . . .      SeeInvis .   e - +2 whip (elec)
rCold   . . .      Faith    .   (no shield)
rNeg    . . .      Spirit   .   a - +0 robe
rPois   .          Reflect  .   (no helmet)
rElec   .          Harm     .   (no cloak)
rCorr   .          Rampage  .   (no gloves)
Will    .....                   (no boots)
Stlth   ++........              (no amulet)
HPRegen 0.07/turn               (no ring)
MPRegen 0.10/turn               (no ring)

@: very slightly contaminated
A: high mp 1, forlorn, divine attributes
a: no special abilities


You were on level 2 of the Dungeon.
You visited 1 branch of the dungeon, and saw 2 of its levels.

You collected 18 gold pieces.

Inventory:

Hand Weapons
 e - a +2 whip of electrocution (weapon)
   (You found it on level 1 of the Dungeon)
Armour
 a - a +0 robe (worn)
Scrolls
 d - a scroll of enchant armour {unknown}
Potions
 c - a potion of flight {unknown}


   Skills:
 + Level 0.5 Fighting
 - Level 1.7 Dodging
 - Level 1.7 Stealth
 * Level 2.0 Spellcasting
 + Level 1.2 Conjurations
 * Level 3.0 Air Magic


You had 4 spell levels left.
You knew the following spells:

 Your Spells              Type           Power      Damage    Failure   Level
a - Shock                 Conj/Air       36%        1d5       9%          1

Your spell library contained the following spells:

 Spells                   Type           Power      Damage    Failure   Level
 Static Discharge         Conj/Air       9%         N/A       12%         2
 Swiftness                Air            12%        N/A       17%         3
 Airstrike                Air            6%         N/A       50%         4


Dungeon Overview and Level Annotations

Branches:
Dungeon (2/15)

Annotations:
D:2 Terence


Innate Abilities, Weirdness & Mutations

You have an increased reservoir of magic. (+10% MP)
You shall have no god before yourself.
Your divine heritage dramatically boosts your attributes as you level up.


Message History

The zap hits the hobgoblin.
You kill the hobgoblin!
You now have 5 gold pieces.
You can't see any susceptible monsters within range! (Use Z to cast anyway.)
You see here a +2 whip of electrocution.
Found 13 gold pieces.
Found a stone staircase leading down.
You can't see any susceptible monsters within range! (Use Z to cast anyway.)
You now have 18 gold pieces (gained 13).
You can't see any susceptible monsters within range! (Use Z to cast anyway.) Key pressed, stopping explore.
You can't see any susceptible monsters within range! (Use Z to cast anyway.)
You see here a +2 whip of electrocution.
Things that are here:
a +0 dagger; a kobold corpse You see here a +0 club.
Done exploring.
You can't see any susceptible monsters within range! (Use Z to cast anyway.) Done exploring.
Done exploring.
You can't see any susceptible monsters within range! (Use Z to cast anyway.) Done exploring.
You can't see any susceptible monsters within range! (Use Z to cast anyway.) Search for what [? for help]? ego You see here a +0 ring mail.
You see here a +2 whip of electrocution.
e - a +2 whip of electrocution You hear the crackle of electricity.
e - a +2 whip of electrocution (weapon)
Drop what? 5/52 slots (_ for help) (? for menu, Esc to quit)
You drop a +0 dagger.
There is a stone staircase leading down here.
You climb downwards.
Terence shouts!
Found a stone staircase leading down.
There is a stone staircase leading up here.
There is a stone staircase leading down here.
The zap hits Terence.
The zap hits Terence but does no damage.
Terence hits you with a +0 flail.
The zap hits Terence but does no damage. x2
Terence hits you with a +0 flail.
The zap hits Terence but does no damage. x2
Terence hits you with a +0 flail!
* * * LOW HITPOINT WARNING * * *
You miscast Shock.
You are very lightly contaminated with residual magic.
Nothing appears to happen.
Terence barely misses you.
The zap hits Terence but does no damage.
The zap hits Terence.
Terence hits you with a +0 flail.
You die...

#.## #..
#.. #.# ###
#.#...
##.####<#.#
..........#
##.###..###
#.@..#
#@#......#
#. .###..#
#. .# .# ..
.# #. .. #.
## #.


You could see Terence.

Vanquished Creatures
  An endoplasm (D:1)
  A giant cockroach (D:1)
  2 goblins (D:1)
  2 hobgoblins (D:1)
  3 jackals (D:1)
  4 kobolds (D:1)
  A ball python (D:1)
14 creatures vanquished.

Notes
Turn   | Place    | Note
-------+----------+-------------------------------------------
     0 | D:1      | vurker the Demigod Air Elementalist began the quest for the
                  | Orb.
     0 | D:1      | Reached XP level 1. HP: 14/14 MP: 5/5
    81 | D:1      | Reached skill level 1 in Conjurations
   252 | D:1      | Reached XP level 2. HP: 22/22 MP: 4/7
   489 | D:1      | Reached skill level 3 in Air Magic
   780 | D:2      | Noticed Terence
   788 | D:2      | Slain by Terence

Illustrated notes

Levels and vault maps discovered:
D:1:      lightli_arrival_noodles, layout_rooms, minmay_misc_feat_square
D:2:      layout_loops_ring, basic_altar, fountainhead, uniq_terence

Skill      XL: |  1  2 |
---------------+-------+-----
Conjurations   | 1 |  1.2
Spellcasting   | 2 |  2.0
Air Magic      | 3 |  3.0
Fighting       | |  0.5
Dodging        | |  1.7
Stealth        | |  1.7

Action                   || total
-------------------------++-------
Melee: Unarmed           ||     1
 Cast: Shock             ||    29
Dodge: Dodged            ||     6

Table legend: (Time is in decaauts)
 A = Elapsed time spent in this place.
 B = Non-inter-level travel time spent in this place.
 C = Inter-level travel time spent in this place.
 D = Time resting spent in this place.
 E = Time spent auto-exploring this place.
 F = Levels seen in this place.
 G = Mean time per level.
                   A        B        C        D        E       F      G
               +--------+--------+--------+--------+--------+-----+--------+
         Total |    786 |    727 |     59 |      0 |    644 |   2 |  393.0 |
       Dungeon |    786 |    727 |     59 |      0 |    644 |   2 |  393.0 |
               +--------+--------+--------+--------+--------+-----+--------+

Top non-repeatable levels by time:
     D:1: 779 daAuts
     D:2: 7 daAuts
